Cogmind - Beta 9.6 @@@ ROGUE MODE // 2020.09.12 @ 00:50:52 // Winter2019/RPGLIKE Player: Hermelin Result: Destroyed by 0K-JE0(z) with Zionite Laser-S Performance ------------- Evolutions (3) 1500 Regions Visited (13) 2600 Robots Destroyed (293) 1465 Value Destroyed (8822) 8822 Prototype IDs (56) 1120 Alien Tech Used (0) 0 Bonus (-600) -600 TOTAL SCORE: 14907 Bonus ------- High Alert Combat Kills 1816 Follower Combat Kills 385 Entered Garrisons 400 Used RIF Installer 1000 Aligned with FarCom 300 Friendly Fire -4501 Cogmind --------- Core Integrity 0/1650 Matter 4/300 Energy 2454/2520 System Corruption 0% Temperature Cool (9) Movement Hovering (40) Location -7/Deep Caves Parts ------- > --- POWER (2) -------- Cooled Deuterium Engine Cooled Deuterium Engine > --- PROPULSION (3) --- Cooled Gravmag System Cooled Gravmag System Combat Antigrav System > --- UTILITY (10) ----- Experimental Power Amplifier Experimental Energy Well Experimental Energy Well Experimental Sensor Array Improved Salvage Targeting Computer Advanced Core Analyzer Advanced Weapon Cycler Centrium Light Armor Plating Advanced Powered Armor Advanced Powered Armor > --- WEAPON (3) ------- 8R-AWN's Boregun Master Tearclaws > --- INVENTORY (5) ---- Zionite Light DM Reactor Advanced Phase Shifter 01-MTF's Autohacker PSU Rigger Chronowheel Peak State ------------ > --- POWER ------------ Cooled Deuterium Engine Cooled Deuterium Engine > --- PROPULSION ------- Cooled Gravmag System Cooled Gravmag System Combat Antigrav System > --- UTILITY ---------- Experimental Power Amplifier Experimental Energy Well Experimental Energy Well Experimental Sensor Array Improved Salvage Targeting Computer Advanced Core Analyzer Advanced Weapon Cycler Centrium Light Armor Plating Advanced Powered Armor Advanced Powered Armor > --- WEAPON ----------- 8R-AWN's Boregun Master Tearclaws > --- INVENTORY -------- Zionite Light DM Reactor Advanced Phase Shifter 01-MTF's Autohacker PSU Rigger Chronowheel [Rating: 138] Favorites ----------- Power Cooled Ion Engine Engine Cooled Ion Engine Power Core Light Nuclear Core Propulsion Light Treads Treads Light Treads Hover Unit Combat Antigrav System Flight Unit Improved Flight Unit Utility Light Armor Plating Device Advanced Weapon Cycler Storage Improved Energy Well Processor Advanced Core Analyzer Hackware Hacking Suite Protection Light Armor Plating Weapon Assault Rifle Energy Gun Heavy EM Pulse Gun Energy Cannon Plasma Cannon Ballistic Gun Assault Rifle Launcher Guided EMP Blaster Slashing Weapon Master Tearclaws Build | -11 -10 -10 -10 -9 -8 -8 -8 -8 -7 -7 -7 -7 -7 ------- Run | Scr Mat Min Exi Min Mat Gar Sto Gar Fac Low Low Zio Dee Slots Evolved 14 | 3 3 . 1 . 4 1 1 . 1 . . . . Power 1 | . . . . . 1 . . . . . . . . Propulsion 2 | 1 . . . . . 1 . . . . . . . Utility 9 | 1 2 . 1 . 3 . 1 . 1 . . . . Weapon 2 | 1 1 . . . . . . . . . . . . Parts Attached 120 | 7 13 . 16 3 19 13 25 2 8 5 . 8 1 Power 12 | 1 1 . 1 . 6 1 . . 2 . . . . Engine 8 | 1 . . 1 . 3 1 . . 2 . . . . Core 4 | . 1 . . . 3 . . . . . . . . Reactor . | . . . . . . . . . . . . . . Propulsion 20 | 2 1 . 2 . 4 3 6 . 2 . . . . Treads 3 | 2 1 . . . . . . . . . . . . Leg . | . . . . . . . . . . . . . . Wheel . | . . . . . . . . . . . . . . Hover 14 | . . . 2 . 2 3 5 . 2 . . . . Flight 3 | . . . . . 2 . 1 . . . . . . Utility 62 | 2 7 . 10 3 5 7 11 2 3 4 . 8 . Device 27 | 1 2 . 5 1 1 2 7 1 . 3 . 4 . Storage 3 | . . . . . . . 1 . . . . 2 . Processor 9 | 1 . . 3 . 1 2 1 . 1 . . . . Hackware 1 | . . . . . 1 . . . . . . . . Protection 22 | . 5 . 2 2 2 3 2 1 2 1 . 2 . Artifact . | . . . . . . . . . . . . . . Weapon 26 | 2 4 . 3 . 4 2 8 . 1 1 . . 1 Energy Gun 3 | 1 1 . . . . . 1 . . . . . . Energy Cannon 1 | . . . . . . 1 . . . . . . . Ballistic Gun 16 | 1 3 . 2 . 2 1 5 . 1 1 . . . Ballistic Cannon . | . . . . . . . . . . . . . . Launcher 5 | . . . 1 . 2 . 2 . . . . . . Special Weapon . | . . . . . . . . . . . . . . Impact Weapon . | . . . . . . . . . . . . . . Slashing Weapon 1 | . . . . . . . . . . . . . 1 Piercing Weapon . | . . . . . . . . . . . . . . Special Melee Weapon . | . . . . . . . . . . . . . . Unidentified Prototypes 27 | . . . 6 1 4 . 10 . 2 1 . 3 . Parts Lost 4 | . . . 3 . . 1 . . . . . . . Power . | . . . . . . . . . . . . . . Propulsion . | . . . . . . . . . . . . . . Utility 4 | . . . 3 . . 1 . . . . . . . Weapon . | . . . . . . . . . . . . . . Highest Loss Streak 2 | . . . 2 . . 1 . . . . . . . Average Slot Usage (%) 96 | . 99 100 99 99 93 94 97 94 93 93 94 93 94 Engine 6 | . 5 . 1 9 6 7 11 11 11 11 11 11 11 Core 4 | . 6 10 8 . 6 4 . . . . . . . Treads 7 | . 24 20 17 . . . . . . . . . . Hover 10 | . . . 2 18 14 14 17 17 16 16 16 16 16 Device 13 | . 5 . 3 18 15 18 19 23 22 21 22 18 16 Storage 1 | . . . . . . . . 5 5 5 5 8 11 Processor 10 | . . . 5 17 13 16 17 17 16 16 16 13 11 Hackware 2 | . . . . . 7 6 5 . . . . . . Protection 16 | . 24 40 30 8 6 4 5 5 6 11 11 13 16 Ballistic Gun 17 | . 26 30 29 27 16 12 9 5 5 5 5 5 5 Launcher 3 | . . . . . 5 6 5 5 5 5 5 5 4 Naked Turns . | . . . . . . . . . . . . . . Heaviest Build 84 | 9 23 23 27 28 48 48 47 46 60 63 63 82 84 Greatest Support 85 | 40 40 40 52 47 47 79 79 69 69 69 69 85 85 Greatest Overweight (x) 4 | . . . 1 . 1 1 4 . 1 . . 1 1 Average Overweight (x) . | . . . . . . . . . . . . . . Largest Inventory Capacity 5 | 2 2 3 3 3 4 5 5 5 5 5 5 5 5 Average Capacity 3 | 1 2 2 3 3 3 4 5 5 5 5 5 5 5 Most Carried 5 | 2 2 3 3 3 4 5 5 5 5 5 5 5 5 Average Carried 3 | 1 1 2 2 3 3 4 4 5 4 4 5 5 4 Final Capacity 5 | 2 2 3 3 3 4 5 5 5 5 5 5 5 5 Final Carried 5 | 2 2 3 3 3 4 5 5 5 5 5 5 5 5 Class Distribution -------------------- 34% | Scavenger-Scout 30% | Scavenger-Mutant 28% | Tank 4% | Mutant Dominant Class ---------------- Tank | -10/Materials Tank | -10/Mines Tank | -10/Exiles Scavenger-Mutant | -9/Mines Scavenger-Mutant | -8/Materials Scavenger-Scout | -8/Garrison Scavenger-Scout | -8/Storage Scavenger-Scout | -8/Garrison Scavenger-Scout | -7/Factory Scavenger-Scout | -7/Lower Caves Scavenger-Scout | -7/Lower Caves Scavenger-Mutant | -7/Zion Scavenger-Mutant | -7/Deep Caves Resources | -11 -10 -10 -10 -9 -8 -8 -8 -8 -7 -7 -7 -7 -7 ----------- Run | Scr Mat Min Exi Min Mat Gar Sto Gar Fac Low Low Zio Dee Matter Collected 8257 | 276 408 387 845 449 1599 785 1694 386 890 214 . 324 . Remotely . | . . . . . . . . . . . . . . Salvage Created 12693 | 67 930 669 484 667 3147 1461 2292 784 1616 366 . 210 . Parts 801 | 10 78 45 67 19 173 103 141 39 92 23 . 11 . Haulers Intercepted 14 | . 2 . . . 5 . 6 . . 1 . . . Recyclers Shooed 6 | . 1 . . . 2 . 2 . 1 . . . . Parts Field Recycled . | . . . . . . . . . . . . . . Retrieved Matter . | . . . . . . . . . . . . . . Parts Self-Destructed 8 | . . . . . . . . . . 8 . . . Prevented 6 | . . . . . . . . . . 6 . . . Kills | -11 -10 -10 -10 -9 -8 -8 -8 -8 -7 -7 -7 -7 -7 ------- Run | Scr Mat Min Exi Min Mat Gar Sto Gar Fac Low Low Zio Dee Combat Hostiles Destroyed 207 | . 21 19 5 20 39 26 27 14 27 8 . 1 . Guns 197 | . 17 19 3 20 39 26 27 14 27 4 . 1 . AOE 8 | . 2 . 2 . . . . . . 4 . . . Classes Destroyed 21 | 1 8 1 1 2 4 1 1 . 1 1 . . . Worker 13 | . 1 . . 2 7 . 1 . 2 . . . . Builder 7 | . 2 . . . 2 . 3 . . . . . . Tunneler 8 | 3 . 1 . 1 2 . . . 1 . . . . Hauler 14 | . 2 . . . 5 . 6 . . 1 . . . Recycler 9 | . 2 1 . . 4 . 2 . . . . . . Mechanic 2 | . . . . . 2 . . . . . . . . Operator 7 | . 1 . . . 3 . 2 . 1 . . . . Watcher 8 | . 3 . . . 4 . 1 . . . . . . Swarmer 27 | . 3 2 . . 3 10 . 3 3 3 . . . Grunt 119 | . 18 16 . 4 25 7 19 11 15 4 . . . Brawler 3 | . . . . . 1 1 1 . . . . . . Duelist 5 | . . . . 1 2 1 . . 1 . . . . Protector 1 | . . . . . . . 1 . . . . . . Sentry 20 | . . . . . 6 1 8 . 5 . . . . Demolisher 1 | . . . . 1 . . . . . . . . . Specialist 2 | . . . . . . 2 . . . . . . . Hunter 7 | . . . . . 2 4 . . 1 . . . . Programmer 2 | . . . . . . . . . 2 . . . . Zionite 8 | . . . 8 . . . . . . . . . . Master Thief 1 | . . . . . . . . . . 1 . . . Assembled 22 | . . 1 7 14 . . . . . . . . . Thug 1 | . . . . . . . . . 1 . . . . Best Kill Streak 12 | 2 6 3 5 12 11 6 8 5 5 4 . 1 . Combat Bots Only 12 | . 5 3 2 12 7 6 4 5 5 4 . 1 . Max Kills in Single Turn 3 | 1 2 1 3 2 2 2 2 2 2 1 . 1 . Gunslinging 1 | . 1 . . . . . . . . . . . . Exploded 2 | . 1 . 2 . . . . . . 1 . . . Melee . | . . . . . . . . . . . . . . Uniques/NPCs Destroyed 4 | . . . 2 . . . 1 . . . . 1 . EX-HEX (-10/Exiles) 8R-AWN (-10/Exiles) EX-DEC (-10/Exiles) EX-BIN (-10/Exiles) 01-MTF (-8/Storage) 7V-RTL (-7/Zion) Combat | -11 -10 -10 -10 -9 -8 -8 -8 -8 -7 -7 -7 -7 -7 -------- Run | Scr Mat Min Exi Min Mat Gar Sto Gar Fac Low Low Zio Dee Damage Taken 10510 | 40 756 550 1416 743 1134 778 751 186 1102 220 . 1197 1637 Core 7024 | 32 545 335 960 589 704 594 562 141 737 162 . 709 954 Absorbed by Shields 808 | . . . . . . 6 5 79 423 82 . 213 . Redirected to Core 5606 | 32 439 281 689 439 595 457 421 102 624 97 . 575 855 Core Remaining (%) 67 | 94 . . . 15 . . . 94 . . . . . Volleys Fired 1123 | 6 77 43 92 70 202 110 219 61 135 24 . 66 18 Largest 3 | 2 3 3 3 1 3 1 2 1 1 1 . 1 1 Hottest 70 | 60 65 60 60 30 70 30 55 30 30 50 . 50 50 Shots Fired 1505 | 12 176 129 184 70 258 110 262 61 135 24 . 66 18 Gun 1480 | 12 176 129 182 70 258 110 262 61 135 14 . 55 16 Cannon . | . . . . . . . . . . . . . . Launcher 25 | . . . 2 . . . . . . 10 . 11 2 Special . | . . . . . . . . . . . . . . Kinetic 1424 | 6 126 129 182 70 258 110 262 61 135 14 . 55 16 Thermal . | . . . . . . . . . . . . . . Explosive 2 | . . . 2 . . . . . . . . . . Electromagnetic 79 | 6 50 . . . . . . . . 10 . 11 2 Robot Hit Streak 34 | 7 34 20 19 8 31 17 18 8 9 16 . 12 2 Robot Miss Streak 8 | 1 5 3 2 4 8 2 5 4 5 1 . 2 5 Penetration Max 2 | . . . 1 2 2 2 2 1 2 1 . 1 . Secondary Targets 6 | . 3 2 1 . . . . . . . . . . Max Gunslinging Chain 1 | . 1 1 1 . . . . . . . . . . Shots Hit Robots 1049 | 10 123 85 157 48 167 83 178 35 92 16 . 46 9 Core Hits 533 | 4 48 36 49 32 108 49 87 20 60 21 . 13 6 Critical Hits 416 | . 2 1 26 31 92 56 82 30 63 7 . 25 1 Critical Kills 148 | . 2 . 11 14 34 24 20 14 26 3 . . . Critical Parts Destroyed 192 | . . 1 13 15 48 23 38 16 29 3 . 6 . Melee Attacks 5 | . . . . . . . . . . . . . 5 Impact . | . . . . . . . . . . . . . . Slashing 5 | . . . . . . . . . . . . . 5 Piercing . | . . . . . . . . . . . . . . Sneak Attacks . | . . . . . . . . . . . . . . Combat Hostiles . | . . . . . . . . . . . . . . Follow-up Attacks . | . . . . . . . . . . . . . . Damage Inflicted 20539 | 165 1813 1072 2530 1198 3736 1577 3623 788 2129 769 . 1004 135 Guns 19135 | 83 1609 1072 2118 1198 3736 1577 3623 788 2129 235 . 895 72 Cannons . | . . . . . . . . . . . . . . Explosions 1385 | 82 204 . 412 . . . . . . 534 . 109 44 Melee 19 | . . . . . . . . . . . . . 19 Ramming . | . . . . . . . . . . . . . . Kinetic 18338 | 15 880 1072 2118 1198 3736 1577 3623 788 2129 235 . 895 72 Thermal 286 | 82 204 . . . . . . . . . . . . Explosive 412 | . . . 412 . . . . . . . . . . Electromagnetic 1484 | 68 729 . . . . . . . . 534 . 109 44 Impact . | . . . . . . . . . . . . . . Slashing 19 | . . . . . . . . . . . . . 19 Piercing . | . . . . . . . . . . . . . . Highest Corruption 1 | . . . . . . . 1 . . . . . . Average Corruption 1 | . . . . . . . 1 . . . . . . Corruption Purged 1 | . . . . . . . 1 . . . . . . Effects 1 | . . . . . . . 1 . . . . . . Energy Discharges 1 | . . . . . . . 1 . . . . . . Overload Shots . | . . . . . . . . . . . . . . Overflow Damage 47 | . . . 47 . . . . . . . . . . Projectiles . | . . . . . . . . . . . . . . Explosions 47 | . . . 47 . . . . . . . . . . Melee . | . . . . . . . . . . . . . . Knockbacks . | . . . . . . . . . . . . . . Impact . | . . . . . . . . . . . . . . Kinetic . | . . . . . . . . . . . . . . Secondary . | . . . . . . . . . . . . . . Self-Inflicted Damage 250 | 40 36 . . . . 34 . . . 140 . . . Shots 9 | 1 1 . . . . 1 . . . 6 . . . Rammed . | . . . . . . . . . . . . . . Targets Rammed . | . . . . . . . . . . . . . . Kicked . | . . . . . . . . . . . . . . Crushed . | . . . . . . . . . . . . . . Highest Temperature 200 | 20 200 144 4 22 42 21 67 9 16 63 . 45 114 Average Temperature 18 | 9 52 33 1 3 10 6 9 1 4 23 . 11 40 Received Heat Transfer 2601 | . 363 273 . 128 387 54 348 36 304 30 . 210 468 Siege Activations . | . . . . . . . . . . . . . . Robots Corrupted 2 | . 2 . . . . . . . . . . . . Combat Hostiles 2 | . 2 . . . . . . . . . . . . Parts Fried 5 | . 1 . . . . . 1 . . 3 . . . Impact Corruptions . | . . . . . . . . . . . . . . Robots Melted . | . . . . . . . . . . . . . . Combat Hostiles . | . . . . . . . . . . . . . . Parts Melted . | . . . . . . . . . . . . . . Heat Transferred 250 | . 250 . . . . . . . . . . . . Parts Sabotaged . | . . . . . . . . . . . . . . Parts Stolen 1 | . . . . . . . . . . 1 . . . Parts Stripped . | . . . . . . . . . . . . . . Power Chain Reactions 6 | 2 3 . . . . . . . . 1 . . . Missiles Intercepted . | . . . . . . . . . . . . . . Alert | -11 -10 -10 -10 -9 -8 -8 -8 -8 -7 -7 -7 -7 -7 ------- Run | Scr Mat Min Exi Min Mat Gar Sto Gar Fac Low Low Zio Dee Peak Influence 1128 | 15 298 150 . 105 854 1128 1069 743 984 . . . . Average Influence 443 | 7 191 93 . 73 500 676 724 564 675 . . . . Maximum Alert Level 4 | . 1 . . . 3 4 3 3 3 . . . . Low Security (%) 29 | 100 46 100 . 100 3 . . . . . . . . Level 1 19 | . 53 . . . 39 27 2 19 1 . . . . Level 2 27 | . . . . . 39 19 46 68 54 . . . . Level 3 23 | . . . . . 17 50 51 11 44 . . . . Level 4 . | . . . . . . 2 . . . . . . . Level 5 . | . . . . . . . . . . . . . . High Security . | . . . . . . . . . . . . . . Max Security . | . . . . . . . . . . . . . . Squads Dispatched 40 | . 6 1 . . 10 . 11 . 12 . . . . Investigation 19 | . 5 1 . . 4 . 3 . 6 . . . . Extermination 2 | . . . . . . . . . 2 . . . . Reinforcement 9 | . 1 . . . 2 . 3 . 3 . . . . Assault 4 | . . . . . 1 . 2 . 1 . . . . Garrison 6 | . . . . . 3 . 3 . . . . . . Intercept . | . . . . . . . . . . . . . . Construction Impeded 1 | . . . . . . . 1 . . . . . . Haulers Reinforced 1 | . . . . . . . . . 1 . . . . Stealth | -11 -10 -10 -10 -9 -8 -8 -8 -8 -7 -7 -7 -7 -7 --------- Run | Scr Mat Min Exi Min Mat Gar Sto Gar Fac Low Low Zio Dee Distress Signals 5 | . . . . . 1 . 3 . 1 . . . . Communications Jammed . | . . . . . . . . . . . . . . Distress Signals . | . . . . . . . . . . . . . . Times Spotted 345 | . 32 20 26 26 59 25 42 15 51 9 . 36 4 Peak Tracking Total 27 | . 5 3 8 9 5 5 6 4 4 5 . 27 3 Tactical Retreats 35 | . 4 . 9 2 4 1 2 2 3 1 . 7 . Traps | -11 -10 -10 -10 -9 -8 -8 -8 -8 -7 -7 -7 -7 -7 ------- Run | Scr Mat Min Exi Min Mat Gar Sto Gar Fac Low Low Zio Dee Traps Triggered 13 | . 1 . . . 1 4 1 2 4 . . . . Indirectly . | . . . . . . . . . . . . . . Trap Hack Attempts . | . . . . . . . . . . . . . . Triggered . | . . . . . . . . . . . . . . Disarmed . | . . . . . . . . . . . . . . Reprogrammed . | . . . . . . . . . . . . . . Reused . | . . . . . . . . . . . . . . Traps Extracted . | . . . . . . . . . . . . . . Installed . | . . . . . . . . . . . . . . Triggered . | . . . . . . . . . . . . . . Machines | -11 -10 -10 -10 -9 -8 -8 -8 -8 -7 -7 -7 -7 -7 ---------- Run | Scr Mat Min Exi Min Mat Gar Sto Gar Fac Low Low Zio Dee Machines Disabled 47 | . 1 1 14 1 11 3 11 1 3 . . 1 . Max in Single Turn 2 | . 1 1 2 1 2 2 1 1 1 . . 1 . Garrison Access 2 | . . . . . . . . . 2 . . . . Garrison Relay 1 | . . . . . . . . 1 . . . . . Phase Generator 1 | . . . . . . 1 . . . . . . . Machines Sabotaged . | . . . . . . . . . . . . . . Garrisons Compromised . | . . . . . . . . . . . . . . Overloaded Fab Kills . | . . . . . . . . . . . . . . Fab Network Shutdowns . | . . . . . . . . . . . . . . Hacking | -11 -10 -10 -10 -9 -8 -8 -8 -8 -7 -7 -7 -7 -7 --------- Run | Scr Mat Min Exi Min Mat Gar Sto Gar Fac Low Low Zio Dee Machines Accessed 56 | . 9 1 2 . 12 . 14 . 18 . . . . Terminals 39 | . 7 1 . . 9 . 11 . 11 . . . . Fabricators 3 | . . . . . . . . . 3 . . . . Repair Stations 3 | . . . . . 2 . 1 . . . . . . Recycling Units 4 | . 2 . . . . . 1 . 1 . . . . Scanalyzers 1 | . . . . . . . . . 1 . . . . Garrison Access 4 | . . . . . 1 . 1 . 2 . . . . Total Hacks 235 | . 38 3 4 . 64 . 58 . 68 . . . . Successful 151 | . 27 2 4 . 38 . 44 . 36 . . . . Failed 82 | . 11 . . . 26 . 13 . 32 . . . . Catastrophic 7 | . 1 . . . 3 . 1 . 2 . . . . Database Lockouts 2 | . . 1 . . . . 1 . . . . . . Manual 141 | . 28 3 1 . 48 . 35 . 22 . . 4 . Terminals 183 | . 33 3 . . 55 . 50 . 42 . . . . Fabricators 12 | . . . . . . . . . 12 . . . . Repair Stations 8 | . . . . . 6 . 2 . . . . . . Recycling Units 10 | . 5 . . . . . 2 . 3 . . . . Scanalyzers 7 | . . . . . . . . . 7 . . . . Garrison Access 11 | . . . . . 3 . 4 . 4 . . . . Terminal Hacks 68 | . 12 1 4 . 17 . 19 . 15 . . . . Record 3 | . . . 3 . . . . . . . . . . Part Schematic 7 | . . 1 . . 1 . 4 . 1 . . . . Robot Schematic 3 | . 1 . . . . . . . 2 . . . . Robot Analysis 7 | . 6 . . . . . . . 1 . . . . Prototype ID Bank 5 | . 1 . . . 1 . 1 . 2 . . . . Open Door 2 | . . . . . . . 2 . . . . . . Branch Access Points 3 | . 1 . . . 1 . . . 1 . . . . Terminal Index 4 | . 1 . . . 2 . 1 . . . . . . Alert Level 1 | . . . . . 1 . . . . . . . . Unreport Threat 11 | . . . . . 5 . 5 . 1 . . . . Locate Traps 7 | . . . . . 2 . 1 . 4 . . . . Recall Investigation 4 | . . . . . 1 . 3 . . . . . . Recall Reinforcements 1 | . . . . . . . 1 . . . . . . Recall Assault 1 | . . . . . . . 1 . . . . . . Registered Components 1 | . . . . . . . . . 1 . . . . Registered Prototypes 1 | . 1 . . . . . . . . . . . . Zone Layout 6 | . 1 . . . 3 . . . 2 . . . . EX-Prototype ID Bank 1 | . . . 1 . . . . . . . . . . Fabricator Hacks 4 | . . . . . . . . . 4 . . . . Load Schematic 2 | . . . . . . . . . 2 . . . . Build 2 | . . . . . . . . . 2 . . . . Repair Station Hacks 6 | . . . . . 4 . 2 . . . . . . Scan Component 3 | . . . . . 2 . 1 . . . . . . Repair 3 | . . . . . 2 . 1 . . . . . . Recycling Unit Hacks 4 | . 2 . . . . . 1 . 1 . . . . Report Inventory 4 | . 2 . . . . . 1 . 1 . . . . Scanalyzer 4 | . . . . . . . . . 4 . . . . Insert Component 2 | . . . . . . . . . 2 . . . . Analyze 2 | . . . . . . . . . 2 . . . . Garrison Access Hacks 4 | . . . . . 1 . 1 . 2 . . . . Unlock Access 2 | . . . . . 1 . 1 . . . . . . Seal Access 2 | . . . . . . . . . 2 . . . . Unauthorized Hacks 61 | . 13 1 . . 16 . 21 . 10 . . . . Terminals 51 | . 11 1 . . 15 . 17 . 7 . . . . Track 24 | . 5 1 . . 7 . 8 . 3 . . . . Assimilate 1 | . . . . . 1 . . . . . . . . Botnet 23 | . 5 . . . 6 . 8 . 4 . . . . Operators 3 | . 1 . . . 1 . 1 . . . . . . Fabricators 2 | . . . . . . . . . 2 . . . . Report 2 | . . . . . . . . . 2 . . . . Repair Stations . | . . . . . . . . . . . . . . Recycling Units 3 | . 2 . . . . . 1 . . . . . . Reject 1 | . . . . . . . 1 . . . . . . Tunnel 2 | . 2 . . . . . . . . . . . . Scanalyzers . | . . . . . . . . . . . . . . Garrison Access 5 | . . . . . 1 . 3 . 1 . . . . Broadcast 1 | . . . . . . . 1 . . . . . . Reprogram 1 | . . . . . . . 1 . . . . . . Watchers 3 | . . . . . 1 . 1 . 1 . . . . Data Cores Recovered 2 | . . . . . . . 1 . 1 . . . . Used . | . . . . . . . . . . . . . . Hacking Detections 49 | . 8 . . . 11 . 13 . 17 . . . . Full Trace Events 14 | . 4 . . . 4 . 2 . 4 . . . . Feedback Events 1 | . . . . . . . 1 . . . . . . Corruption 1 | . . . . . . . 1 . . . . . . Feedback Blocked . | . . . . . . . . . . . . . . Robot Schematics Acquired 3 | . 1 . . . . . . . 2 . . . . Robots Built . | . . . . . . . . . . . . . . Matter 219 | . . . . . . . . . 219 . . . . Time 58 | . . . . . . . . . 58 . . . . Total Robot Build Rating . | . . . . . . . . . . . . . . Part Schematics Acquired 8 | . . 1 . . 1 . 4 . 2 . . . . Parts Built 2 | . . . . . . . . . 2 . . . . Matter 168 | . . . . . . . . . 168 . . . . Time 42 | . . . . . . . . . 42 . . . . Total Part Build Rating 8 | . . . . . . . . . 8 . . . . Parts Repaired 2 | . . . . . 1 . 1 . . . . . . Time 178 | . . . . . 108 . 70 . . . . . . Parts Recycled . | . . . . . . . . . . . . . . Recycled Matter . | . . . . . . . . . . . . . . Retrieved Matter . | . . . . . . . . . . . . . . Retrieved Components . | . . . . . . . . . . . . . . Parts Scanalyzed 2 | . . . . . . . . . 2 . . . . Part Schematics Acquired 1 | . . . . . . . . . 1 . . . . Parts Damaged . | . . . . . . . . . . . . . . Bothacking | -11 -10 -10 -10 -9 -8 -8 -8 -8 -7 -7 -7 -7 -7 ------------ Run | Scr Mat Min Exi Min Mat Gar Sto Gar Fac Low Low Zio Dee Used RIF Installer 2 | . . . . . . 1 . 1 . . . . . Structural Interface 1 | . . . . . . . . 1 . . . . . Robots Hacked . | . . . . . . . . . . . . . . Non-combat . | . . . . . . . . . . . . . . Combat . | . . . . . . . . . . . . . . Robot Hacks Applied . | . . . . . . . . . . . . . . Relay Couplers Released 2 | . . . . . . . . 2 . . . . . Machine Destruction 2 | . . . . . . . . 2 . . . . . Robots Rewired 4 | . . . . . . 4 . . . . . . . Allies Hacked . | . . . . . . . . . . . . . . Hacks Repelled . | . . . . . . . . . . . . . . Allies | -11 -10 -10 -10 -9 -8 -8 -8 -8 -7 -7 -7 -7 -7 -------- Run | Scr Mat Min Exi Min Mat Gar Sto Gar Fac Low Low Zio Dee Total Allies 18 | . . . . . . . 15 . 3 . . . . Largest Group 12 | . . . . . . . 12 . 3 . . . . Highest-Rated Group 288 | . . . . . . . 288 . 93 . . . . Highest-Rated Ally 99 | . . . . . . . 99 . 31 . . . . Total Orders 9 | . . . . . . . 9 . . . . . . STAY 4 | . . . . . . . 4 . . . . . . FOLLOW 3 | . . . . . . . 3 . . . . . . EXPLORE 2 | . . . . . . . 2 . . . . . . Ally Attacks 80 | . . . . . . . 33 . 47 . . . . Total Damage 1533 | . . . . . . . 789 . 744 . . . . Kills 17 | . . . . . . . 9 . 8 . . . . Allies Corrupted . | . . . . . . . . . . . . . . Allies Melted . | . . . . . . . . . . . . . . Intel | -11 -10 -10 -10 -9 -8 -8 -8 -8 -7 -7 -7 -7 -7 ------- Run | Scr Mat Min Exi Min Mat Gar Sto Gar Fac Low Low Zio Dee Robot Analysis Total 7 | . 6 . . . . . . . 1 . . . . Derelict Logs Recovered 5 | . . 2 . 2 . . . . . 1 . . . Drone Launches . | . . . . . . . . . . . . . . Drone Recoveries . | . . . . . . . . . . . . . . Exploration | -11 -10 -10 -10 -9 -8 -8 -8 -8 -7 -7 -7 -7 -7 ------------- Run | Scr Mat Min Exi Min Mat Gar Sto Gar Fac Low Low Zio Dee Turns Passed 13773 | 120 1765 1617 1846 592 2103 981 1666 386 1815 242 58 404 178 Spaces Moved 10819 | 48 867 730 1129 682 1416 823 1335 484 2336 338 111 389 131 Core 4 | 3 . . . . . . 1 . . . . . . Treads 2473 | 45 867 730 831 . . . . . . . . . . Legs . | . . . . . . . . . . . . . . Wheels . | . . . . . . . . . . . . . . Hover 8342 | . . . 298 682 1416 823 1334 484 2336 338 111 389 131 Flight . | . . . . . . . . . . . . . . Fastest Speed 40 | 50 160 160 66 66 61 61 52 52 52 52 52 40 40 Average Speed 88 | 153 160 160 135 66 95 80 71 52 52 52 52 53 103 Slowest Speed 250 | 160 160 160 160 66 150 126 250 52 121 52 52 108 108 Overloaded Moves 178 | . . . . . . . . . . . . 170 8 Propulsion Burnouts . | . . . . . . . . . . . . . . Robots Hopped . | . . . . . . . . . . . . . . Cave-ins Triggered 1 | . . . . 1 . . . . . . . . . Exploration Rate (%) 67 | 4 98 98 92 92 79 98 95 69 52 61 33 43 25 Regions Visited 13 Branch Regions 8 Pre-discovered Areas 5 | . 2 2 1 . . . . . . . . . . Known Exits Taken 6 | . 1 . . . 1 . 1 . 1 1 1 . . Unknown Exits Taken 5 | 1 . 1 1 1 . . . . . . . 1 . Scrap Searched 8 | . . 1 . . . . . . . 5 . 2 . Spaces Dug 3 | . . . . . 3 . . . . . . . . Terrain Destroyed 372 | 6 10 . 23 27 98 89 56 2 48 9 . 2 2 Melee . | . . . . . . . . . . . . . . Projectile 176 | . . . 14 27 55 8 56 2 7 3 . 2 2 AOE 196 | 6 10 . 9 . 43 81 . . 41 6 . . . Actions | -11 -10 -10 -10 -9 -8 -8 -8 -8 -7 -7 -7 -7 -7 --------- Run | Scr Mat Min Exi Min Mat Gar Sto Gar Fac Low Low Zio Dee Total 14065 | 80 1100 1085 1322 788 2019 1084 1924 585 2868 392 110 552 156 Wait 1430 | 18 79 282 25 14 300 30 251 21 326 2 . 82 . Move 10804 | 47 866 729 1128 681 1415 821 1334 482 2335 337 110 388 131 Hop . | . . . . . . . . . . . . . . Pick Up 45 | 2 9 3 16 . 3 1 8 . 2 1 . . . Fast Attach 86 | 7 9 . 11 2 15 7 18 . 5 4 . 8 . Attach 7 | . 2 . 2 . . . 1 . 1 . . . 1 Detach 3 | . . . 2 . . . . . 1 . . . . Swap 27 | . 2 . 3 1 4 6 6 2 2 1 . . . Drop 112 | . 15 2 23 2 15 7 26 . 7 6 . 8 1 Fire 1123 | 6 77 43 92 70 202 110 219 61 135 24 . 66 18 Melee 5 | . . . . . . . . . . . . . 5 Ram . | . . . . . . . . . . . . . . Kick . | . . . . . . . . . . . . . . Crush . | . . . . . . . . . . . . . . Escape Stasis 25 | . . . . . . 19 . 6 . . . . . Rewire 25 | . . . . . . 23 2 . . . . . . Trap . | . . . . . . . . . . . . . . Miscellaneous 373 | . 41 26 20 18 65 60 59 13 54 17 . . . Route ------- -11/Scrapyard -10/Materials (discovered 5 exits: [*Mat x3] / *Min x2) -10/Mines (discovered 3 exits: [*Mat x2] / *Exi) -10/Exiles (discovered 2 exits: [*Min x2]) -9/Mines (discovered 2 exits: *Mat x2) -8/Materials (discovered 5 exits: *Fac x2 / *Sto x2 / Gar) -8/Garrison (discovered 3 exits: *Sto x3) -8/Storage (discovered 3 exits: *Fac / *Rec / Gar) -8/Garrison (discovered 2 exits: *Fac x2) -7/Factory (discovered 5 exits: *Fac x3 / *Low x2) -7/Lower Caves -7/Lower Caves -7/Zion (discovered 2 exits: [*Dee] / *Pro) -7/Deep Caves History --------- Turn | Location | Event 6 | -11/Scrapyard | Upgraded with Propulsion slot (x1) 6 | -11/Scrapyard | Upgraded with Utility slot (x1) 6 | -11/Scrapyard | Upgraded with Weapon slot (x1) 14 | -11/Scrapyard | Discovered new exit (range 15) 121 | -11/Scrapyard | Entered Materials 231 | -10/Materials | Discovered new exit (range 16) 618 | -10/Materials | Build established: Mutant 656 | -10/Materials | Reached level 2 776 | -10/Materials | Discovered new exit (range 16) 838 | -10/Materials | Upgraded with Utility slot (x1) 838 | -10/Materials | Upgraded with Weapon slot (x1) 919 | -10/Materials | Discovered new exit (range 7) 1128 | -10/Materials | Build established: Tank 1244 | -10/Materials | Discovered new exit (range 17) 1508 | -10/Materials | Discovered new exit (range 17) 1592 | -10/Materials | Identified exit to Mines 1822 | -10/Materials | Reached level 3 1839 | -10/Materials | Upgraded with Utility slot (x1) 1886 | -10/Materials | Entered Mines 2183 | -10/Mines | Excavation squad dispatched 2183 | -10/Mines | A large section of the Mines collapsed 2433 | -10/Mines | Excavation squad dispatched 2500 | -10/Mines | Deemed a non-threat by the Exiles lab entrance 2500 | -10/Mines | Discovered new exit (range 5) 2536 | -10/Mines | Received a Rocket Launcher from a helpful Derelict 2635 | -10/Mines | Reached level 4 2690 | -10/Mines | Learned location of Zion (-7) 2845 | -10/Mines | Discovered new exit (range 8) 3104 | -10/Mines | Discovered new exit (range 11) 3226 | -10/Mines | Central database locked down 3503 | -10/Mines | Entered Exiles 3505 | -10/Exiles | Reached level 5 3530 | -10/Exiles | Discovered new exit (range 16) 3588 | -10/Exiles | Met 8R-AWN 3612 | -10/Exiles | Met EX-HEX 3669 | -10/Exiles | Met EX-DEC 3710 | -10/Exiles | Visited The Gauntlet 3925 | -10/Exiles | Met EX-BIN 4318 | -10/Exiles | Aligned with FarCom system 4320 | -10/Exiles | Given EX-Vault access code 4358 | -10/Exiles | Opened EX-Vault 4369 | -10/Exiles | Found PSU Rigger 4372 | -10/Exiles | Found Chronowheel 4410 | -10/Exiles | Warned to stay clear of 0b10 Research branches 4537 | -10/Exiles | Attacked by the Exiles 4545 | -10/Exiles | Destroyed EX-HEX 4589 | -10/Exiles | Core integrity fell below 50% 4637 | -10/Exiles | Core integrity fell below 20% 4690 | -10/Exiles | Destroyed 8R-AWN 4710 | -10/Exiles | Found Prototype Ballistic Gun 4732 | -10/Exiles | Found Prototype Processor 4732 | -10/Exiles | Identified Exp. Targeting Computer 4752 | -10/Exiles | Identified 8R-AWN's Boregun 4987 | -10/Exiles | Destroyed EX-DEC 5020 | -10/Exiles | Build established: Scavenger-Mutant 5086 | -10/Exiles | Destroyed EX-BIN 5136 | -10/Exiles | Found Prototype Device 5136 | -10/Exiles | Identified System Purifier 5140 | -10/Exiles | Found Deploy-a-Sentry 5147 | -10/Exiles | Upgraded with Utility slot (x1) 5344 | -10/Exiles | Discovered new exit (range 10) 5349 | -10/Exiles | Stole three prototypes: PSU Rigger, Chronowheel, Deploy-a-Sentry 5349 | -10/Exiles | Entered Mines 5357 | -9/Mines | Discovered new exit (range 9) 5449 | -9/Mines | Learned 4 Materials zone layouts 5452 | -9/Mines | Assembled infested the area 5589 | -9/Mines | Destroyed 12 combat bots 5600 | -9/Mines | Crushed by falling debris 5625 | -9/Mines | Learned Materials stockpile data 5761 | -9/Mines | Discovered new exit (range 5) 5773 | -9/Mines | Found a damaged Exp. Sensor Array with a note attached 5914 | -9/Mines | Found Prototype Device 5914 | -9/Mines | Identified Exp. Sensor Array 5941 | -9/Mines | Entered Materials 5942 | -8/Materials | Identified exit to Storage 5942 | -8/Materials | Core integrity fell below 50% 5942 | -8/Materials | Core integrity fell below 20% 5943 | -8/Materials | Reached level 6 5955 | -8/Materials | Reached level 7 5957 | -8/Materials | Upgraded with Utility slot (x1) 6005 | -8/Materials | Destroyed 7 combat bots 6183 | -8/Materials | Reached level 8 6210 | -8/Materials | Repaired Hvy. Deuterium Engine? 6327 | -8/Materials | Upgraded with Power slot (x1) 6500 | -8/Materials | Discovered exit to Storage (range 11) 6562 | -8/Materials | Discovered new exit (range 9) 6610 | -8/Materials | Repaired Imp. Light Armor Plating 6672 | -8/Materials | Reached level 9 6673 | -8/Materials | Upgraded with Utility slot (x1) 7141 | -8/Materials | First assault squad dispatched 7188 | -8/Materials | Discovered new exit (range 17) 7234 | -8/Materials | Garrison activated, responded to threat 7311 | -8/Materials | Reached level 10 7367 | -8/Materials | Identified exit to Garrison 7728 | -8/Materials | Reached level 11 7870 | -8/Materials | Upgraded with Utility slot (x1) 8044 | -8/Materials | Entered Garrison 8189 | -8/Garrison | Phase Generator disabled 8210 | -8/Garrison | Triggered checkpoint 8303 | -8/Garrison | Triggered checkpoint 8320 | -8/Garrison | Triggered checkpoint 8364 | -8/Garrison | Triggered checkpoint 8416 | -8/Garrison | Discovered exit to Storage (range 15) 8489 | -8/Garrison | Reached level 12 8496 | -8/Garrison | Upgraded with Propulsion slot (x1) 8501 | -8/Garrison | Triggered checkpoint 8560 | -8/Garrison | Triggered checkpoint 8661 | -8/Garrison | Discovered exit to Storage (range 14) 8708 | -8/Garrison | Build established: Scavenger-Scout 8888 | -8/Garrison | Discovered exit to Storage (range 13) 8931 | -8/Garrison | Triggered checkpoint 9016 | -8/Garrison | Installed Relay Interface Framework 9025 | -8/Garrison | Entered Storage 9025 | -8/Storage | Accompanied by 4 allies 9089 | -8/Storage | Reached level 13 9425 | -8/Storage | First assault squad dispatched 9761 | -8/Storage | Repaired Broken Cmb. Airjet 10027 | -8/Storage | Identified exit to Garrison 10037 | -8/Storage | Central database locked down 10052 | -8/Storage | Met 01-MTF 10086 | -8/Storage | Used back door to open Recycling access 10086 | -8/Storage | Discovered new exit (range 4) 10088 | -8/Storage | Identified exit to Recycling 10126 | -8/Storage | Reached level 14 10142 | -8/Storage | Garrison activated, responded to threat 10176 | -8/Storage | Assisted by bots powering up and referring to "LRC-V3" 10189 | -8/Storage | Upgraded with Utility slot (x1) 10263 | -8/Storage | Discovered new exit (range 16) 10538 | -8/Storage | Destroyed 01-MTF 10548 | -8/Storage | Found Prototype Device 10548 | -8/Storage | Identified 01-MTF's Autohacker 10691 | -8/Storage | Entered Garrison 10694 | -8/Garrison | Expanded RIF knowledge: Structural Interface 10796 | -8/Garrison | Triggered checkpoint 10804 | -8/Garrison | Garrison Relay disabled 10874 | -8/Garrison | Triggered checkpoint 10890 | -8/Garrison | Triggered checkpoint 10938 | -8/Garrison | Discovered new exit (range 10) 10943 | -8/Garrison | Identified exit to Factory 11001 | -8/Garrison | Discovered exit to Factory (range 16) 11022 | -8/Garrison | Triggered checkpoint 11077 | -8/Garrison | Entered Factory 11079 | -7/Factory | Reached level 15 11125 | -7/Factory | Allied Derelicts emerged from ambush trap array 11228 | -7/Factory | Discovered new exit (range 12) 11255 | -7/Factory | Identified exit to Factory 11597 | -7/Factory | Discovered new exit (range 13) 11622 | -7/Factory | Discovered exit to Factory (range 14) 11631 | -7/Factory | Identified exit to Lower Caves 11736 | -7/Factory | Reached level 16 11877 | -7/Factory | First assault squad dispatched 12085 | -7/Factory | Discovered exit to Factory (range 5) 12268 | -7/Factory | Upgraded with Utility slot (x1) 12315 | -7/Factory | Fabricated Powered Armor (x2) 12892 | -7/Factory | Entered Lower Caves 12907 | -7/Lower Caves | Learned 4 Factory zone layouts 12975 | -7/Lower Caves | Spotted MU-J2Y(f) 12976 | -7/Lower Caves | Encountered a Master Thief 12978 | -7/Lower Caves | Deploy-a-Sentry stolen by Master Thief 12978 | -7/Lower Caves | Spotted LW-17B(f) 12979 | -7/Lower Caves | Encountered a Master Thief 12983 | -7/Lower Caves | Destroyed LW-17B(f) 13089 | -7/Lower Caves | Discovered new exit (range 18) 13094 | -7/Lower Caves | Found Imp. Powered Armor 13115 | -7/Lower Caves | Reached level 17 13129 | -7/Lower Caves | Identified exit to Lower Caves 13134 | -7/Lower Caves | Entered another Lower Caves area 13183 | -7/Lower Caves | Discovered new exit (range 7) 13185 | -7/Lower Caves | Identified exit to Zion 13192 | -7/Lower Caves | Entered Zion 13206 | -7/Zion | Acquired unknown access codes intercepted by a Zionite 13213 | -7/Zion | Discovered new exit (range 21) 13214 | -7/Zion | RIF detected upon attempting to enter Zion 13214 | -7/Zion | Attacked by Zionites 13233 | -7/Zion | Identified exit to Proximity Caves 13276 | -7/Zion | 7V-RTL came to Zion's defense 13367 | -7/Zion | Destroyed 7V-RTL 13371 | -7/Zion | Found Adv. Powered Armor 13385 | -7/Zion | Found Adv. Powered Armor 13460 | -7/Zion | Spotted MB-5ZW(B) 13460 | -7/Zion | Spotted OS-ZFE(B) 13566 | -7/Zion | Core integrity fell below 50% 13583 | -7/Zion | Opened final containment barrier to the Deep Caves 13594 | -7/Zion | Discovered new exit (range 3) 13594 | -7/Zion | Saw the warning signs outside the Deep Caves entrance 13596 | -7/Zion | Entered Deep Caves 13662 | -7/Deep Caves | Build established: Scavenger-Mutant 13731 | -7/Deep Caves | Attacked by Z-Imprinter 13754 | -7/Deep Caves | Core integrity fell below 20% 13774 | -7/Deep Caves | Destroyed by 0K-JE0(z) with Zionite Laser-S Last Messages --------------- GOAL=ESCAPE 13722_ NEW_ZION: Z-Facility proximity alert. Z-Imprinter: GET AWAY FROM HERE! I've worked too hard for our future just to have you ruin everything! 13731_ HV Slug penetrates Wall. 13732_ HV Slug penetrates Z-Imprinter. 13735_ HV Slug penetrates Wall. 13741_ Upgraded: Core Integrity (+300) 13741_ HV Slug penetrates Wall. 13743_ HV Slug penetrates Z-Imprinter. 13743_ HV Slug penetrates Wall. 13753_ HV Slug penetrates Z-Imprinter. 13753_ HV Slug penetrates Wall. 13755_ H9-UZW(z) misfires. 13756_ HV Slug penetrates Wall. 13757_ Upgraded: Core Integrity (+250) 13757_ Dropped Gui. EMP Blaster. 13766_ Prototype Reactor ripped off. 13770_ Adv. Phase Shifter ripped off. 13773_ Adv. Reaction Control System ripped off. Map ----- +----------------------------------------------------+ | | | | | | | | | | | | | | | | | | | ?????????????????????????????????????????????????? | | ?????????????????????????????????????????????????? | | ?????????????????????????????????????????????????? | | ???????????#?????????????????????????????????####? | | ?????????### #??????######?????????????????## ## | | ????????## # ????### ##???????????????## # | | ?????? ##### #?????????????### # | | ???? #????????????## #? | | ?? ????????###### ###? | | ? #?????#### ### #??? | | ? #?????# ##?# #??? | | ?" ##????# ##?# #??? | | "" ####### ### #??? | | "" ## #### | | "" ## # | | I ## | | "" z @ ;;######## ### | | "" z ;####??????# ##?## | | "" ;; #????????# #???# | | "" ;# #????????# #???# | | " ;###????????# #???# | | ? #?????????## ##?## | | ] #?????????# ### | | #?????????## ### | | ##??????????## #?# | | #??????####??# #?# | | ""? #????## ### ##?## | | #????# ###???# | | " ##????# ##?????? | | "" ##??????# #??##### | | """ #???????# #### | | ?"" #?????## ## | | ??" ?????# | | ?? ?????# | | ??? #?????## | | ????? #??????### ### | | ???????? #????????##### ###?## | | ?????????? ????????????## ##????# | | ??????????????????? ???????????????# ##????# | | ???????????????????????????????????????# #????# | | ???????????????????????????????????????# #????# | +----------------------------------------------------+ Best States ------------- Heat Dissipation 45 Energy Generation 77 Energy Capacity 2520 Matter Stores 300 Matter Capacity 300 Sight Range 17 Robot Scan Range 36 Terrain Scan Range 24 Terrain Scan Density 310 Power Amplification 40 Additional Mass Support 12 Armor Coverage 950 Weapon Cycling 25 Evasion (%) 57 Targeting Accuracy 12 Target Analysis 6 Core Analysis 10 Recoil Reduction 2 Salvage Targeting 2 Offensive Hacking 15 Defensive Hacking 5 Item Schematics ----------------- Lgt. Armor Plating | -10/Mines | Hacked Powered Armor | -8/Materials | Hacked Hacking Suite | -8/Storage | Hacked Mic. Nuclear Core | -8/Storage | Hacked Power Amplifier | -8/Storage | Hacked Powered Hammer | -8/Storage | Hacked Adv. System Shield | -7/Factory | Hacked System Purifier | -7/Factory | Scanalyzed Robot Schematics ------------------ O-16 Technician | -10/Materials | Hacked B-36 Bruiser | -7/Factory | Hacked O-24 Administrator | -7/Factory | Hacked Fabricated ------------ Powered Armor | x2 | -7/Factory Alien Tech Used ----------------- None Achievements -------------- None Challenges ------------ None RPGLIKE | -11 -10 -10 -10 -9 -8 -8 -8 -8 -7 -7 -7 -7 -7 --------- Run | Scr Mat Min Exi Min Mat Gar Sto Gar Fac Low Low Zio Dee Levels Raised 16 | . 2 1 1 . 6 1 2 . 2 1 . . . XP Earned 27510 | 3000 3135 2675 304 1275 7716 2375 2427 483 3221 424 118 118 239 XP Spent 26980 | 2850 2700 910 2505 . 8320 2140 2730 . 2900 . . . 1925 Upgrades 55 | 10 3 3 13 . 9 3 2 . 1 . . . 11 Power Slot 1 | . . . . . 1 . . . . . . . . Propulsion Slot 2 | 1 . . . . . 1 . . . . . . . Utility Slot 9 | 1 2 . 1 . 3 . 1 . 1 . . . . Weapon Slot 2 | 1 1 . . . . . . . . . . . . Core Integrity 21 | . . . 8 . 2 . . . . . . . 11 Heat Dissipation 3 | 1 . 2 . . . . . . . . . . . Mass Support 1 | . . . . . 1 . . . . . . . . Inventory Capacity 5 | 2 . 1 . . 1 1 . . . . . . . Sight Range 1 | 1 . . . . . . . . . . . . . Sensor Range 3 | . . . 3 . . . . . . . . . . Terrain Scan Density 3 | 1 . . . . . 1 1 . . . . . . Ranged Accuracy 2 | . . . 1 . 1 . . . . . . . . Hack Attack % 1 | 1 . . . . . . . . . . . . . Hack Defense % 1 | 1 . . . . . . . . . . . . . Protomatter Created 3063 | . 410 277 104 91 557 444 521 127 411 121 . . . Integrity Restored 7306 | . 823 451 432 369 1407 1203 1057 224 1013 327 . . . Core 5361 | . 577 302 366 369 1407 738 562 84 706 250 . . . Parts 1945 | . 246 149 66 . . 465 495 140 307 77 . . . Protomatter Decayed 1151 | . 128 122 . 2 88 37 308 50 416 . . . . Game ------ Seed CoolingArmageddonCharger Manual? 0 Play Time 03:16:03 Cumulative 223.5 hours Start 2020.09.11 @ 19:34:23 End 2020.09.12 @ 00:50:52 Sessions 3 Manual Loads 0 Difficulty Rogue Special Mode Winter2019/RPGLIKE Game No. 92 Rogue 92 Adventurer 0 Explorer 0 Win Type - Total 3 Types 2/0/0/1/0/0/0 Lore% 84 Gallery% 80 Achievement% 68 Wizard Run 0 Options --------- ASCII 0 Keyboard 0 Movement Numpad Keybinds 0 Fullscreen 1 Font 18/SmallcapsGlow Map View 76x50 Tactical HUD 1 Map Filters NONE Filters NONE Steam 1 RUN: e179ea72-529c-41a2-9587-4cde88c34889